 Dungeon Crawl Stone Soup version 0.15-a0-258-g027b8cd (webtiles) character file.

2077 PolkaDot the Jinx (level 8, -4/52 HPs)
             Began as a Vampire Enchanter on Apr 27, 2014.
             Hit by a tomahawk thrown by an orc warrior (9 damage)
             ... on Level 6 of the Dungeon.
             The game lasted 00:32:46 (9023 turns).

PolkaDot the Jinx (Vampire Enchanter)               Turns: 9023, Time: 00:32:46

HP  -4/52        AC  5     Str 11      XL: 8   Next: 91%
MP  18/18        EV 13     Int 17      God:
Gold 203         SH  0     Dex 16      Spells:  6 memorised,  0 levels left

rFire  . . .     SeeInvis +     l - +4,+3 dagger (speed)
rCold  + + .     Clarity  .     b - +1 robe
rNeg   + + +     Conserve .     (no shield)
rPois  +         rCorr    .     (no helmet)
rElec  .         rRot     +     (no cloak)
SustAb . .       Spirit   .     p - +0 pair of gloves
rMut   .         Warding  .     s - +0 pair of boots
Saprov . . .     Stasis   .     (no amulet)
MR     .....                    n - +4 ring of strength
                                e - ring of sustenance

@: non-regenerating, not resistant to hostile enchantments, extremely stealthy
A: bottle blood, fangs 3, see invisible, unbreathing
a: Bat Form, Bottle Blood


You were on level 6 of the Dungeon.
You were bloodless.

You visited 2 branches of the dungeon, and saw 7 of its levels.
You also visited: Sewer.

You collected 203 gold pieces.

Inventory:

Hand weapons
 l - a +4,+3 dagger of speed (weapon)
Missiles
 d - 12 darts (quivered)
Armour
 b - a +1 robe (worn)
 p - a +0 pair of gloves (worn)
 s - a +0 pair of boots (worn)
Magical devices
 m - a wand of random effects (12)
Scrolls
 f - a scroll of enchant armour
 i - a scroll of fog
 j - a scroll of amnesia
 r - 2 scrolls of teleportation
 u - a scroll of remove curse {unknown}
 v - 2 scrolls of recharging {unknown}
Jewellery
 e - a ring of sustenance (left hand)
 n - a +4 ring of strength (right hand)
Potions
 a - a potion of poison {unknown}
 h - 9 potions of curing
 k - 3 potions of might
 q - 2 potions of brilliance
 t - 3 potions of heal wounds
 w - 2 potions of mutation {!q}
 z - a potion of flight
Books
 c - a book of Maledictions

   Spells                             Type                      Level
   *Corona                            Hexes                        1
   *Sure Blade                        Hexes/Charms                 2
   *Ensorcelled Hibernation           Hexes/Ice                    2
   *Confuse                           Hexes                        3
   *Dazzling Spray                    Conjuration/Hexes            3
   *Enslavement                       Hexes                        4
 o - a book of Party Tricks

   Spells                             Type                      Level
   Summon Butterflies                 Summoning                    1
   Apportation                        Translocation                1
   Blink                              Translocation                2
   Alistair's Intoxication            Transmutation/Poison         4
   Tukima's Dance                     Hexes                        5


   Skills:
 + Level 4.0 Short Blades
 - Level 0.7 Throwing
 - Level 2.1 Dodging
 + Level 9.9 Stealth
 - Level 4.2 Spellcasting
 * Level 12.0 Hexes


You couldn't memorise any spells.
You knew the following spells:

 Your Spells              Type           Power        Failure   Level  Hunger
a - Corona                Hex            #####..      1%          1    None
b - Sure Blade            Hex/Chrm       ###.......   1%          2    ##.....
c - Confuse               Hex            #####...     1%          3    ###....
d - Ensorcelled Hibernat  Hex/Ice        ###...       1%          2    ##.....
e - Enslavement           Hex            #####...     1%          4    ####...
s - Dazzling Spray        Conj/Hex       ###.....     4%          3    ###....


Dungeon Overview and Level Annotations

Branches:
Dungeon (6/15)             Temple (1/1) D:5

Altars:
Elyvilon
Fedhas
Kikubaaqudgha
Nemelex Xobeh
Okawaru
Sif Muna
Trog
Vehumet
Yredelemnul
Zin
The Shining One

Annotations:
D:6 exclusion: oklob plant


Innate Abilities, Weirdness & Mutations

You do not heal naturally.
You can bottle blood from corpses.
You have razor-sharp teeth.*
You have supernaturally acute eyesight.
You can survive without breathing.*


Message History

You bite the adder, and draw its blood!
You feel better.
You feel slightly less thirsty.
You open the adder like a pillowcase!!!
You kill the adder!
Your Short Blades skill increases to level 4!
You see here an adder corpse.
Magic restored.
An orc warrior is nearby!
The orc warrior shouts!
The orc warrior throws a tomahawk.
The tomahawk misses you.
The orc warrior throws a tomahawk.
The tomahawk hits you!
You see here a tomahawk.
The orc warrior throws a tomahawk.
The tomahawk hits you!
You see here a tomahawk.
The orc warrior throws a tomahawk.
The tomahawk hits you!
* * * LOW HITPOINT WARNING * * *
The orc throws a tomahawk.
The tomahawk hits you!
* * * LOW HITPOINT WARNING * * *
You see here 3 tomahawks.
The orc warrior throws a tomahawk.
The tomahawk hits you!
You die...

#..)%%....####.##.####
#.........#....##....#
########.##...)...##.#
#......###.##.# ####...######.#
#........#.# #...####.#'########
#...# #...o......#
#...####.....o....# #
#....@((......o...# # ####
####(####.........+ ###JPP###
##.####.........#
#PPJ..P.######.....##############
#.J.P...'...................%....
#JJJP..P######.....##############
###JP.### #.....# ###########
#### ######.....# #...).>...#
##....'.....####.(..<....#
#.....#........#(........#


You could see an orc warrior and an orc (wandering).

Vanquished Creatures
  Prince Ribbit (D:4)
  A centaur (D:6)
  3 ogres
  The ghost of TZer0 the Insei, an average OpTm (D:3)
  Duvessa (D:6)
  A giant frog (D:6)
  Blork the orc (D:6)
  Dowan (D:6)
  A goliath beetle (D:6)
  A hippogriff skeleton (D:6)
  2 hounds
  2 crimson imps (D:6)
  9 jellies (D:6)
  A big fish (D:6)
  An orc wizard (D:6)
  A centaur skeleton (D:4)
  2 worker ants (D:6)
  Ijyb (D:3)
  Jessica (D:3)
  Terence (D:3)
  10 adders
  5 green rats
  3 giant mites (D:4)
  3 shadow imps (D:6)
  A worm (D:4)
  An iguana zombie (D:5)
  A giant eyeball (D:3)
  3 giant geckos
  9 oozes
  12 orcs
  4 ball pythons
  16 bats
  A bat zombie (D:1)
  9 giant cockroaches
  9 goblins
  14 hobgoblins
  4 jackals (D:2)
  4 quokkas
  6 giant newts
  A giant newt zombie (D:1)
  A hobgoblin skeleton (D:3)
  30 kobolds
  An orc skeleton (D:6)
  35 rats
  3 plants (D:3)
219 creatures vanquished.

Vanquished Creatures (others)
  2 plants (D:3)
2 creatures vanquished.

Grand Total: 221 creatures vanquished

Notes
Turn   | Place    | Note
--------------------------------------------------------------
     0 | D:1      | PolkaDot, the Vampire Enchanter, began the quest for the Orb.
     0 | D:1      | Reached XP level 1. HP: 13/13 MP: 3/3
   433 | D:1      | Reached XP level 2. HP: 1/19 MP: 2/4
   730 | D:1      | Learned a level 2 spell: Ensorcelled Hibernation
   846 | D:1      | Reached skill level 5 in Hexes
  2227 | D:1      | Reached XP level 3. HP: 24/24 MP: 0/6
  3260 | D:2      | Reached XP level 4. HP: 30/30 MP: 7/7
  3520 | D:2      | Found a glowing golden altar of the Shining One.
  3522 | D:2      | Noticed an angel
  3607 | D:2      | Found a basalt altar of Yredelemnul.
  3609 | D:2      | Noticed a profane servitor
  3965 | D:3      | Reached skill level 5 in Stealth
  3998 | D:3      | Reached skill level 6 in Hexes
  4173 | D:3      | Noticed TZer0's ghost (average OpTm)
  4177 | D:3      | Learned a level 3 spell: Confuse
  4182 | D:3      | Noticed Ijyb
  4219 | D:3      | Killed TZer0's ghost
  4219 | D:3      | Reached XP level 5. HP: 21/35 MP: 5/9
  4221 | D:3      | Killed Ijyb
  4380 | D:3      | Noticed Jessica
  4389 | D:3      | Killed Jessica
  4389 | D:3      | Reached skill level 7 in Hexes
  4948 | D:3      | Noticed Terence
  4958 | D:3      | Killed Terence
  5049 | D:3      | Reached XP level 6. HP: 41/41 MP: 7/10
  5943 | D:4      | Noticed Prince Ribbit
  6013 | D:4      | Killed Prince Ribbit
  6013 | D:4      | Reached skill level 8 in Hexes
  6013 | D:4      | Reached XP level 7. HP: 14/46 MP: 1/12
  6135 | D:4      | Found a glowing drain.
  6197 | Sewer    | Entered a sewer
  6239 | Sewer    | Learned a level 4 spell: Enslavement
  6799 | Sewer    | Reached skill level 9 in Hexes
  7438 | D:5      | Entered Level 5 of the Dungeon
  7485 | D:5      | Found a staircase to the Ecumenical Temple.
  7495 | Temple   | Entered the Ecumenical Temple
  7807 | D:5      | Found a basalt altar of Yredelemnul.
  7903 | D:6      | Found a white marble altar of Elyvilon.
  7909 | D:6      | Reached skill level 10 in Hexes
  7916 | D:6      | Reached XP level 8. HP: 32/52 MP: 6/16
  8017 | D:6      | Noticed Duvessa
  8018 | D:6      | Noticed Dowan
  8023 | D:6      | Killed Duvessa
  8026 | D:6      | Killed Dowan
  8091 | D:6      | Learned a level 2 spell: Sure Blade
  8116 | D:6      | Reached skill level 11 in Hexes
  8273 | D:6      | Noticed an oklob plant
  8626 | D:6      | Learned a level 3 spell: Dazzling Spray
  8693 | D:6      | Noticed Blork the orc
  8714 | D:6      | Killed Blork the orc
  8714 | D:6      | Reached skill level 12 in Hexes
  9023 | D:6      | Hit by a tomahawk thrown by an orc warrior

Action                   |  1- 3 |  4- 6 |  7- 9 || total
-------------------------+-------+-------+-------++-------
Melee: Dagger            |   150 |   680 |   271 ||  1101
Throw: Dart              |       |       |     1 ||     1
 Cast: Corona            |     8 |       |     6 ||    14
       Ensorcelled Hiber |     8 |    44 |    87 ||   139
       Confuse           |       |     4 |     1 ||     5
       Dazzling Spray    |       |       |     3 ||     3
Evoke: Wand              |       |     1 |       ||     1
  Use: Potion            |     1 |     7 |       ||     8
       Scroll            |       |     9 |     6 ||    15
 Stab: Sleeping          |    15 |    38 |    66 ||   119
       Distracted        |     1 |       |       ||     1
       Confused          |       |     3 |     1 ||     4
